 Dungeon Crawl Stone Soup version 0.21-a0-434-g806c6c2 (webtiles) character file.

87 slep the Skirmisher (level 4, -3/37 HPs)
             Began as a Demonspawn Abyssal Knight on Nov 9, 2017.
             Was a Follower of Lugonu.
             Slain by a gnoll
             ... wielding a +0 halberd
              (15 damage)
             ... on level 3 of the Dungeon.
             The game lasted 00:07:44 (1868 turns).

slep the Skirmisher (Demonspawn Abyssal Knight)     Turns: 1868, Time: 00:07:45

Health: -3/37      AC:  3    Str: 12    XL:     4   Next: 28%
Magic:  0/6        EV:  8    Int: 14    God:    Lugonu [*.....]
Gold:   115        SH:  6    Dex: 13    Spells: 3/3 levels left

rFire    . . .     SeeInvis .   a - +1 falchion
rCold    . . .     Gourm    .   q - +0 shield
rNeg     . . .     Faith    .   b - +0 leather armour
rPois    .         Spirit   +   (no helmet)
rElec    .         Reflect  .   (no cloak)
rCorr    +         Harm     .   (no gloves)
MR       .....                  (no boots)
Stlth    +.........             (no amulet)
HPRegen  0.12/turn              u - ring of resist corrosion (curse)
MPRegen  0.10/turn              (no ring)

@: no status effects
A: magic shield
a: Depart the Abyss, Renounce Religion


You were on level 3 of the Dungeon.
You worshipped Lugonu.
Lugonu was aware of your devotion.
You were not hungry.

You visited 1 branch of the dungeon, and saw 3 of its levels.
You visited the Abyss 1 time.

You collected 115 gold pieces.

Inventory:

Hand Weapons
 a - a +1 falchion (weapon)
Armour
 b - a +0 leather armour (worn)
 q - a +0 shield (worn)
Jewellery
 u - a cursed ring of resist corrosion (left hand)
Wands
 s - a wand of paralysis (9/24)
Scrolls
 d - 2 scrolls of identify {unknown}
 e - a scroll of recharging {unknown}
 f - 2 scrolls of remove curse {unknown}
 g - a scroll of fear {unknown}
 i - a scroll of teleportation {unknown}
 n - a scroll of random uselessness {unknown}
 t - a scroll of magic mapping {unknown}
Potions
 j - a potion of curing
 k - a potion of lignification {unknown}
 l - a potion of mutation {unknown}
 m - a potion of might {unknown}
 p - 2 potions of flight {unknown}
 r - a potion of invisibility {unknown}
Comestibles
 c - a bread ration
 o - 2 meat rations
 v - 3 chunks of flesh


   Skills:
 + Level 3.9 Fighting
 + Level 2.7 Long Blades
 + Level 2.1 Armour
 + Level 1.1 Dodging
 + Level 0.6 Stealth
 + Level 2.9 Invocations


You had 3 spell levels left.
You didn't know any spells.

Dungeon Overview and Level Annotations

Branches:
Dungeon (3/15)

Altars:
Ashenzari
Makhleb
Nemelex Xobeh
Yredelemnul


Innate Abilities, Weirdness & Mutations

When hurt, damage is shared between your health and your magic reserves.


Message History

The gnoll is severely wounded.
The gnoll barely misses you.
A gnoll comes into view. It is wielding a spear.
Throwing (i - inventory):
h - a javelin (quivered)
Press: ? - help, Shift-Dir - straight line, f/p - gnoll
Aim: a gnoll, wielding a spear (severely wounded)
You throw a javelin. The javelin barely misses the gnoll.
The javelin hits the gnoll.
You kill the gnoll!
Lugonu accepts your kill. The gnoll hits you with a spear!
* * * LOW HITPOINT WARNING * * *
You hit the gnoll but do no damage. You block the gnoll's attack.
A gnoll comes into view. It is wielding a halberd.
Your shield and leather armour prevent you from hitting the gnoll.
The gnoll closely misses you. x2; You block the gnoll's attack.
A gnoll comes into view. It is wielding a halberd.
You closely miss the gnoll.
The gnoll hits you from afar with a halberd!
You die...

.. ... ## .. .g
#. ###[ #.##gg
#..#g# #####.#@#
#.......#
#.###.###
#.#######+#
#..#.......
##.#.......
#######.#.......
........#.......
.###............


You could see 3 gnolls and a goblin.

Vanquished Creatures
  A centaur zombie (Abyss:1)
  A gnoll (D:3)
  2 adders
  A giant cockroach (D:2)
  3 goblins
  A hobgoblin (D:2)
  3 jackals (D:1)
  4 kobolds (D:1)
  2 quokkas (D:2)
  3 ball pythons
  3 bats
  A frilled lizard (D:2)
  5 rats
30 creatures vanquished.

Notes
Turn   | Place    | Note
-------+----------+-------------------------------------------
     0 | Abyss:1  | slep the Demonspawn Abyssal Knight began the quest for the Orb.
     0 | Abyss:1  | Reached XP level 1. HP: 18/18 MP: 2/2
     8 | Abyss:1  | Noticed a small abomination
    40 | Abyss:1  | Reached skill level 1 in Dodging
    40 | Abyss:1  | Gained mutation: When hurt, damage is shared between your health and your magic reserves. [demonic ancestry]
    40 | Abyss:1  | Reached XP level 2. HP: 3/25 MP: 4/4
    40 | Abyss:1  | Reached XP level 3. HP: 4/30 MP: 5/5
    65 | D:1      | Escaped the Abyss
   476 | D:1      | Reached * piety under Lugonu
  1297 | D:2      | Found a basalt altar of Yredelemnul.
  1346 | D:2      | Found a sparkling altar of Nemelex Xobeh.
  1346 | D:2      | Found a burning altar of Makhleb.
  1562 | D:2      | Found a shattered altar of Ashenzari.
  1847 | D:3      | Reached XP level 4. HP: 14/37 MP: 2/6
  1868 | D:3      | Slain by a gnoll

Vault maps used:
D:1:      lemuel_arrival_cross
D:2:      lemuel_crystal_altar, nicolae_overflow_hidden_temple,
          evilmike_ruin_ashenzari
D:3:      first_bread, hangedman_decor_growths, fedhas_altar_3

Skill      XL: |  1 |
---------------+----+-----
Long Blades    | 2 |  2.7
Armour         | 2 |  2.1
Dodging        | 1 |  1.1
Fighting       | |  3.9
Stealth        | |  0.6
Invocations    | |  2.9

Action                   |  1- 3 |  4- 6 || total
-------------------------+-------+-------++-------
Melee: Falchion          |    77 |     4 ||    81
Throw: Javelin           |       |     3 ||     3
Invok: Depart the Abyss  |     1 |       ||     1
  Use: Potion            |     1 |       ||     1
  Eat: Chunk             |     3 |       ||     3
Armor: Leather armour    |    21 |     1 ||    22
Dodge: Dodged            |    47 |     4 ||    51
Block: Shield            |     7 |     2 ||     9
       Rpst.: Falchion   |    18 |       ||    18

Table legend:
 A = Spawn XP
 B = Non-spawn XP
 C = Spawn XP percentage of total XP
 D = Spawn monster count
 E = Non-spawn monster count
 F = Spawn count percentage of total count
 G = Total turns spent on level
                    A         B        C        D         E        F      G
               +---------+---------+-------+---------+---------+-------+---------
         Total |      46 |      79 |  36.8 |       1 |      29 |   3.3 |  1868
               +---------+---------+-------+---------+---------+-------+---------
           D:1 |       0 |      20 |   0.0 |       0 |      14 |   0.0 |  1001
           D:2 |       0 |      30 |   0.0 |       0 |      12 |   0.0 |   766
           D:3 |       0 |      29 |   0.0 |       0 |       3 |   0.0 |    36
       Abyss:1 |      46 |       0 | 100.0 |       1 |       0 | 100.0 |    65
               +---------+---------+-------+---------+---------+-------+---------
